 Dungeon Crawl Stone Soup version 0.25.0-26-g0c896c7088 (webtiles) character file.

Game seed: 6487579119085244118

431 Dirian the Chopper (level 6, -6/53 HPs)
             Began as a Minotaur Fighter on July 2, 2020.
             Mangled by a gnoll shaman
             ... wielding a +1 whip of electrocution
              (17 damage)
             ... on level 4 of the Dungeon.
             The game lasted 00:02:48 (3146 turns).

Dirian the Chopper (Minotaur Fighter)               Turns: 3146, Time: 00:02:48

Health: -6/53      AC:  7    Str: 23    XL:     6   Next: 66%
Magic:  5/5        EV:  7    Int:  5    God:
Gold:   145        SH: 10    Dex:  9    Spells: 5/5 levels left

rFire    . . .     SeeInvis .   a - +0 war axe
rCold    . . .     Gourm    .   c - +0 kite shield
rNeg     . . .     Faith    .   b - +0 scale mail
rPois    .         Spirit   .   (helmet restricted)
rElec    .         Reflect  .   (no cloak)
rCorr    .         Harm     .   (no gloves)
MR       .....                  (no boots)
Stlth    ..........             (no amulet)
HPRegen  0.17/turn              (no ring)
MPRegen  0.09/turn              (no ring)

@: no status effects
A: retaliatory headbutt, horns 2
a: no special abilities


You were on level 4 of the Dungeon.
You were not hungry.

You visited 1 branch of the dungeon, and saw 5 of its levels.

You collected 145 gold pieces.

Inventory:

Hand Weapons
 a - a +0 war axe (weapon)
 m - the +3 spear of the Thieving Badger {vorpal, *Noise rElec rPois rF+++, unknown}
   (You found it on level 5 of the Dungeon)

   It inflicts extra damage upon your enemies.
   It renders you almost immune to fire.
   It insulates you from electricity.
   It protects you from poison.
   It may make noises in combat.
Armour
 b - a +0 scale mail (worn)
 c - a +0 kite shield (worn)
Wands
 q - a wand of iceblast (4)
Scrolls
 f - 2 scrolls of teleportation {unknown}
 g - 2 scrolls of remove curse {unknown}
 h - 2 scrolls of magic mapping {unknown}
 j - 6 scrolls of immolation {unknown}
 k - a scroll of amnesia {unknown}
 l - 5 scrolls of fear {unknown}
 o - 3 scrolls of identify {unknown}
Potions
 d - 2 potions of might
 i - 2 potions of heal wounds {unknown}
 n - 2 potions of brilliance {unknown}
 p - 4 potions of curing {unknown}
 s - a potion of haste {unknown}
Comestibles
 e - 5 rations


   Skills:
 + Level 4.5 Fighting
 * Level 6.5 Axes
 + Level 5.0 Armour
 + Level 5.0 Shields


You had 5 spell levels left.
You didn't know any spells.
Your spell library was empty.

Dungeon Overview and Level Annotations

Branches:
Dungeon (5/15)
 Temple: D:4-7

Altars:


Innate Abilities, Weirdness & Mutations

You reflexively headbutt those who attack you in melee.
You have a pair of horns on your head.


Message History

The gnoll is lightly wounded.
The gnoll hits you but does no damage.
You barely miss the gnoll. Your headbutt misses the gnoll.
The gnoll is lightly wounded.
You block the gnoll's attack.
Your shield and scale mail prevent you from hitting the gnoll shaman.
You headbutt the gnoll shaman, but do no damage.
The gnoll shaman completely misses you. The gnoll barely misses you.
You hit the gnoll shaman. You headbutt the gnoll shaman.
The gnoll shaman is moderately wounded.
The gnoll shaman hits you with a +1 whip of electrocution.
You are electrocuted!
The gnoll hits you from afar with a +0 halberd.
* * * LOW HITPOINT WARNING * * *
You slash the gnoll shaman!
The gnoll shaman is almost dead.
The gnoll shaman hits you with a +1 whip of electrocution.
* * * LOW HITPOINT WARNING * * *
You are electrocuted!
You die...

..##########
..##.......#
...#.......#
#..#.......#......
#..#.......#......
#.#######'##......
#.##.......#......
#.#........#......
#@#........#......
#g#........#......
#g#####'####......
###g#.........######
#.gg'.........#
#..†.#.........#
#....#.........#
#....#.........#
#....#.........#


You could see a gnoll shaman and 4 gnolls.

Vanquished Creatures
  A hornet zombie (D:5)
  An ogre (D:4)
  A howler monkey (D:4)
  A hound (D:5)
  Jessica (D:3)
  A worker ant (D:4)
  A gnoll (D:4)
  5 adders
  A worm (D:3)
  3 dart slugs
  4 leopard geckos
  An orc (D:3)
  2 ball pythons
  7 giant cockroaches
  5 goblins
  4 hobgoblins
  8 jackals
  3 quokkas
  10 bats
  2 frilled lizards (D:2)
  9 kobolds
  2 rats (D:1)
73 creatures vanquished.

Notes
Turn   | Place    | Note
-------+----------+-------------------------------------------
     0 | D:1      | Dirian the Minotaur Fighter began the quest for the Orb.
     0 | D:1      | Reached XP level 1. HP: 19/19 MP: 0/0
   574 | D:1      | Reached XP level 2. HP: 27/27 MP: 1/1
  1104 | D:2      | Reached skill level 3 in Axes
  1104 | D:2      | Reached XP level 3. HP: 19/33 MP: 2/2
  1806 | D:2      | Reached XP level 4. HP: 40/40 MP: 3/3
  2032 | D:3      | Reached skill level 4 in Axes
  2072 | D:3      | Noticed Jessica
  2079 | D:3      | Killed Jessica
  2347 | D:3      | Reached XP level 5. HP: 39/46 MP: 4/4
  2598 | D:3      | You fall into a shaft and drop 2 floors!
  2598 | D:5      | Entered Level 5 of the Dungeon
  2627 | D:5      | Reached skill level 5 in Axes
  2787 | D:5      | Reached XP level 6. HP: 51/53 MP: 5/5
  2793 | D:5      | Got a warped spear
  2922 | D:4      | Reached skill level 6 in Axes
  3129 | D:4      | Reached skill level 5 in Armour
  3129 | D:4      | Reached skill level 5 in Shields
  3146 | D:4      | Mangled by a gnoll shaman

Illustrated notes

Levels and vault maps discovered:
D:1:      dpeg_arrival_leaves_temple_mockup, layout_loops_corners,
          minmay_pentomino_o2
D:2:      layout_loops_ring, first_ration
D:3:      layout_loops_cross, kennysheep_generic_room_8, uniq_jessica
D:4:      layout_gridville, lexackson_kobold_supper
D:5:      layout_loops_ring, kennysheep_cross_room, uniq_eustachio

Skill      XL: |  1  2  3  4  5  6 |
---------------+-------------------+-----
Shields        | 4 5 |  5.0
Armour         | 4 5 |  5.0
Axes           | 3 4 5 6 |  6.5
Fighting       | 4 |  4.5

Action                   |  1- 3 |  4- 6 || total
-------------------------+-------+-------++-------
Melee: War axe           |   102 |   119 ||   221
       Headbutt          |    10 |    23 ||    33
  Eat: Chunk             |     3 |     4 ||     7
Armor: Scale mail        |    58 |    55 ||   113
Dodge: Dodged            |    33 |    33 ||    66
Block: Kite shield       |    73 |    71 ||   144
